 Dungeon Crawl Stone Soup version 0.31-a0-240-gb923e448b6 (webtiles) character file.

Game seed: 13649632061434697424

459 qw the Shooter (level 6, -2/53 HPs)
             Began as a Minotaur Hexslinger on July 11, 2023.
             Slain by a gnoll sergeant
             ... wielding a +0 spear
              (8 damage)
             ... on level 4 of the Dungeon.
             The game lasted 00:01:15 (3133 turns).

qw the Shooter (Minotaur Hexslinger)                Turns: 3133, Time: 00:01:16

Health: -2/53      AC:  7    Str: 13    XL:     6   Next: 78%
Magic:  6/6        EV: 11    Int: 10    God:
Gold:   275        SH:  0    Dex: 14    Spells: 6/7 levels left

rFire   . . .        b - +0 arbalest
rCold   . . .        (shield currently unavailable)
rNeg    . . .        g - +0 ring mail
rPois   .            (helmet restricted)
rElec   .            i - +1 cloak
rCorr   .            (no gloves)
SInv    .            (no boots)
Will    +....        (no amulet)
Stlth   +            l - ring of willpower
HPRegen 0.28/turn    (no ring)
MPRegen 0.10/turn

%: no passive effects
@: no status effects
A: horns 2, retaliatory headbutt
a: no special abilities


You were on level 4 of the Dungeon.
You visited 1 branch of the dungeon, and saw 5 of its levels.

You collected 275 gold pieces.


Innate Abilities, Weirdness & Mutations

You have a pair of horns on your head.
You reflexively headbutt those who attack you in melee.


   Skills:
 - Level 4.7 Fighting
 + Level 6.6 Ranged Weapons
 - Level 1.3 Armour
 - Level 2.1 Dodging
 - Level 1.0 Spellcasting
 - Level 2.0 Hexes


You had 6 spell levels left.
You knew the following spells:

 Your Spells              Type           Power      Damage    Failure   Level
a - Slow                  Hex            16%        N/A       32%         1

Your spell library contained the following spells:

 Spells                   Type           Power      Damage    Failure   Level
 Inner Flame              Hex/Fire       2%         N/A       82%         3
 Portal Projectile        Hex/Tloc       4%         N/A       82%         3
 Cause Fear               Hex            2%         N/A       97%         4

Inventory:

Hand Weapons
 b - a +0 arbalest (weapon)
Armour
 g - a +0 ring mail (worn)
 i - a +1 cloak (worn)
Jewellery
 l - a ring of willpower (left hand)
Scrolls
 h - a scroll of identify
Potions
 d - a potion of ambrosia {unknown}
 e - a potion of heal wounds {unknown}
 f - a potion of degeneration {unknown}
 j - 2 potions of curing
 k - a potion of might {unknown}

Dungeon Overview and Level Annotations

Branches:
Dungeon (5/15)
 Temple: D:4-7

Altars:
Dithmenos
Fedhas
Makhleb
Qazlal


Message History

Enter note:
Enter note:
Enter note:
Enter note:
Enter note:
Enter note:
Enter note:
Enter note:
Enter note: You shoot a bolt.
The bolt hits the gnoll!!
You kill the gnoll!
The gnoll sergeant hits you from afar with a +0 spear.
The gnoll hits you but does no damage.
The gnoll sergeant hits you from afar with a +0 spear.
The gnoll hits you from afar with a +0 spear.
You shoot a bolt. The bolt hits the gnoll!
The gnoll is almost dead.
The gnoll sergeant hits you from afar with a +0 spear.
The gnoll misses you.
The gnoll hits you from afar with a +0 spear.
The gnoll sergeant misses you. The gnoll hits you with a +0 flail.
The gnoll closely misses you.
You shoot a bolt. The bolt hits the gnoll!!
You kill the gnoll!
The gnoll sergeant closely misses you.
The gnoll hits you from afar with a +0 spear.
The gnoll sergeant hits you from afar with a +0 spear!
The gnoll barely misses you. The gnoll hits you but does no damage.
You shoot a bolt. The bolt hits the gnoll!
The gnoll is almost dead.
The gnoll sergeant hits you but does no damage.
The gnoll hits you but does no damage.
The gnoll hits you from afar with a +0 spear.
The gnoll hits you but does no damage.
You shoot a bolt. The bolt hits the gnoll!
You kill the gnoll!
The gnoll sergeant hits you from afar with a +0 spear.
The gnoll hits you from afar with a +0 spear. x2
The gnoll sergeant hits you from afar with a +0 spear!
You die...

#.# ###..##.... #.########
#........ #..%......
##.#..... #.........
#.##.... #..~~~~~~~ #.#####.
#[#~##~~~# #.......
########.#~## ####~#########
...(......~~#g..#~~....# #.
########...@)g.$#~~###.# #.
.........#~~#g..#~~###.####.
##########~## ####~.........
#~# ~##~......... #~~
~~~~......... ###
###.......... #.....(....
#)......... #..........


You could see a gnoll sergeant and 2 gnolls.

Vanquished Creatures
  An ogre (D:5)
  A scorpion (D:5)
  A jelly (D:5)
  A sleepcap (D:5)
  Jessica (D:3)
  An iguana (D:4)
  An orc wizard (D:2)
  3 gnolls (D:4)
  7 adders
  A shadow imp (D:5)
  An ufetubus (D:5)
  5 orcs
  6 endoplasms
  3 giant cockroaches
  9 hobgoblins
  3 jackals (D:4)
  5 kobolds
  5 quokkas
  9 ball pythons
  3 bats
  2 frilled lizards
  10 goblins
  8 rats
87 creatures vanquished.

Notes
Turn   | Place    | Note
-------+----------+-------------------------------------------
     0 | D:1      | qw the Minotaur Hexslinger began the quest for the Orb.
     0 | D:1      | Reached XP level 1. HP: 16/16 MP: 1/1
     0 | D:1      | 0 ||| qw: Version: 0.3-a-52-g30416fa
     0 | D:1      | 0 ||| qw: Game counter: 6043
     0 | D:1      | 0 ||| qw: Melee chars always use a shield: true
     0 | D:1      | 0 ||| qw: God list: Okawaru
     0 | D:1      | 0 ||| qw: Allow faded altars: false
     0 | D:1      | 0 ||| qw: Do Orc after clearing Dungeon:15 true
     0 | D:1      | 0 ||| qw: Do second Lair branch before Depths: true
     0 | D:1      | 0 ||| qw: Lair rune preference: random
     0 | D:1      | 0 ||| qw: Goals: Normal
     0 | D:1      | 0 ||| PLANNING D:1-11
   151 | D:1      | Reached skill level 3 in Ranged Weapons
   154 | D:1      | Reached XP level 2. HP: 10/23 MP: 2/2
   747 | D:1      | 747 ||| UPGRADING to +0 ring mail.
   757 | D:1      | 757 ||| DROPPING +0 robe.
   758 | D:1      | 758 ||| UPGRADING to +0 cloak.
   763 | D:1      | 763 ||| UPGRADING to ring of willpower.
   764 | D:1      | 764 ||| READING scroll labelled UHO LUEXKIVAH.
   765 | D:1      | 765 ||| READING scroll labelled TAOGUTERGHI.
   766 | D:1      | 766 ||| DRINKING 2 amethyst potions.
   767 | D:1      | 767 ||| DROPPING scroll of poison.
   857 | D:2      | Reached XP level 3. HP: 27/29 MP: 3/3
   869 | D:2      | Reached skill level 4 in Ranged Weapons
   934 | D:2      | Reached skill level 1 in Armour
   934 | D:2      | Reached XP level 4. HP: 34/36 MP: 4/4
  1276 | D:2      | 1276 ||| READING scroll labelled WADGHE BAOTUNN.
  1277 | D:2      | 1277 ||| READING scroll labelled RATHU NIUS.
  1281 | D:2      | 1281 ||| READING scroll labelled WEORUKHO YLAPH.
  1282 | D:2      | 1282 ||| READING scroll labelled INEISHR EMORORO.
  1307 | D:3      | Found a burning altar of Makhleb.
  1331 | D:3      | Found a blossoming altar of Fedhas.
  1346 | D:3      | Found a faded altar of an unknown god.
  1382 | D:3      | Reached skill level 5 in Ranged Weapons
  1423 | D:3      | Found a stormy altar of Qazlal.
  1470 | D:3      | Noticed Jessica
  1482 | D:3      | Killed Jessica
  1483 | D:3      | Reached skill level 3 in Fighting
  1483 | D:3      | Reached XP level 5. HP: 45/45 MP: 5/5
  1609 | D:3      | You fall into a shaft and drop 2 floors!
  1609 | D:5      | Entered Level 5 of the Dungeon
  1749 | D:5      | Reached skill level 6 in Ranged Weapons
  1870 | D:5      | Found a shadowy altar of Dithmenos.
  1951 | D:5      | Reached XP level 6. HP: 51/51 MP: 6/6
  2154 | D:5      | 2154 ||| READING scroll labelled FEIXE CAJEMPURGH.
  2155 | D:5      | 2155 ||| READING scroll labelled WYOJECEGUP.
  2409 | D:4      | 2409 ||| SWAPPING to +0 arbalest.
  2410 | D:4      | 2410 ||| DROPPING +1 sling.
  2710 | D:3      | 2710 ||| READING 2 scrolls of identify.
  2710 | D:3      | 2710 ||| IDENTIFYING fizzy black potion
  2711 | D:3      | 2711 ||| DROPPING potion of berserk rage.
  2762 | D:4      | 2762 ||| READING scroll of enchant armour.
  2762 | D:4      | 2762 ||| ENCHANTING +0 cloak.
  3132 | D:4      | HP: 9/53 [gnoll/+0 spear[a gnoll sergeant] (5)]
  3133 | D:4      | Slain by a gnoll sergeant

Levels and vault maps discovered:
D:1:      mrwooster_arrival_arrow, layout_basic
D:2:      layout_basic, uniq_crazy_yiuf_cottage
D:3:      layout_rooms, grunt_temple_overflow_forces_of_nature,
          mainiacjoe_overflow_alcove_2, ebering_ecumenical_altar_mist,
          uniq_jessica
D:4:      layout_basic, glass_columns_b, lightli_minifort
D:5:      layout_loops_corners, nzn_wu_jian_council_hall,
          nicolae_dithmenos_shadow_blocks

Skill      XL: |  1  2  3  4  5  6 |
---------------+-------------------+-----
Ranged Weapons | 3 4 5 6 |  6.6
Fighting       | 2 3 4 |  4.7
Armour         | 1 |  1.3
Dodging        | |  2.1
Spellcasting   | |  1.0
Hexes          | |  2.0

Action                     |  1- 3 |  4- 6 || total
---------------------------+-------+-------++-------
   Fire: Sling             |    97 |   178 ||   275
         Arbalest          |       |    18 ||    18
    Use: Scroll            |     2 |     8 ||    10
         Potion            |     1 |       ||     1
 Armour: Robe              |     4 |       ||     4
         Ring mail         |    10 |    54 ||    64
  Dodge: Dodged            |    20 |    81 ||   101

Table legend:
 A = Non-vault XP
 B = Vault XP
 C = Vault XP percentage of total XP
 D = Non-vault monster count
 E = Vault monster count
 F = Vault count percentage of total count
                 A         B        C        D         E       F
            +---------+---------+-------+---------+---------+-------
      Total |     590 |      81 |  12.1 |      83 |       4 |   4.6
            +---------+---------+-------+---------+---------+-------
        D:1 |      39 |       0 |   0.0 |      24 |       0 |   0.0
        D:2 |     106 |       0 |   0.0 |      26 |       0 |   0.0
        D:3 |      33 |      37 |  52.9 |      13 |       1 |   7.1
        D:4 |      80 |      44 |  35.5 |      12 |       3 |  20.0
        D:5 |     332 |       0 |   0.0 |       8 |       0 |   0.0
            +---------+---------+-------+---------+---------+-------
